 Dungeon Crawl Stone Soup version 0.17-a0-157-g289cc6a (webtiles) character file.

1150 PolkaDot the Covert (level 8, -3/53 HPs)
             Began as a Vampire Summoner on Mar 27, 2015.
             Was a Follower of Sif Muna.
             Slain by an ice beast (19 damage)
             ... on level 6 of the Dungeon.
             The game lasted 00:24:29 (6098 turns).

PolkaDot the Covert (Vampire Summoner)              Turns: 6098, Time: 00:24:30

Health: -3/53      AC:  3    Str:  7    XL:     8   Next: 15%
Magic:  13/13      EV: 12    Int: 19    God:    Sif Muna [*.....]
Gold:   248        SH:  0    Dex: 14    Spells: 4 memorised, 1 level left

rFire  + . .     SeeInvis +     f - +0 short sword (speed)
rCold  x . .     Clarity  .     a - +0 robe
rNeg   . . .     SustAb   .     (no shield)
rPois  +         Gourm    .     (no helmet)
rElec  .         Spirit   .     e - +0 cloak
rCorr  .         Warding  .     (no gloves)
rMut   .         Stasis   .     (no boots)
MR     .....                    (no amulet)
Stlth  ++++......               q - ring of fire
                                o - ring of poison resistance

@: regenerating very quickly, not resistant to hostile enchantments, stealthy
A: bottle blood, claws 1, fangs 3, see invisible, unbreathing
a: Channel Energy, Renounce Religion


You were on level 6 of the Dungeon.
You worshipped Sif Muna.
Sif Muna was aware of your devotion.
You were almost alive.

You visited 2 branches of the dungeon, and saw 7 of its levels.

You collected 248 gold pieces.

Inventory:

Hand weapons
 f - a +0 short sword of speed (weapon)
Armour
 a - a +0 robe (worn)
 e - a +0 cloak (worn)
Jewellery
 o - a ring of poison resistance (left claw)
 q - a ring of fire (right claw)
Magical devices
 d - a wand of slowing (25)
Scrolls
 g - 2 scrolls of recharging
 j - 2 scrolls of enchant weapon
 k - a scroll of enchant armour
 n - a scroll of immolation
 r - a scroll of remove curse
Potions
 c - 2 potions of curing
 h - a potion of lignification
 i - 32 potions of blood {@*1}
 l - 2 potions of restore abilities
Books
 b - a book of Callings

   Spells                             Type                      Level
   a - Summon Small Mammal            Summoning                    1
   b - Call Imp                       Summoning                    2
   c - Call Canine Familiar           Summoning                    3
   d - Summon Guardian Golem          Hexes/Summoning              3
   e - Summon Lightning Spire         Summoning/Air                4
   f - Summon Ice Beast               Ice/Summoning                4


   Skills:
 - Level 0.5 Fighting
 + Level 5.0 Short Blades
 - Level 2.1 Dodging
 + Level 8.0 Stealth
 - Level 2.0 Spellcasting
 - Level 7.1 Summonings
 * Level 3.2 Ice Magic


You had one spell level left.
You knew the following spells:

 Your Spells              Type           Power        Failure   Level  Hunger
d - Call Canine Familiar  Summ           ####....     2%          3    ###....
i - Summon Ice Beast      Ice/Summ       ##......     21%         4    #####..
s - Call Imp              Summ           ####....     1%          2    ###....
z - Summon Small Mammal   Summ           ####         1%          1    #......


Dungeon Overview and Level Annotations

Branches:
Dungeon (6/15)             Temple (1/1) D:4

Altars:
Ashenzari
Cheibriados
Dithmenos
Elyvilon
Fedhas
Gozag
Kikubaaqudgha
Makhleb
Nemelex Xobeh
Okawaru
Qazlal
Ru
Sif Muna
Trog
Vehumet
Xom
Yredelemnul
Zin
The Shining One


Innate Abilities, Weirdness & Mutations

Your natural rate of healing is extremely fast.
You can bottle blood from corpses.
You have razor-sharp teeth.
You have supernaturally acute eyesight.
You can survive without breathing.
You have sharp fingernails.


Message History

Okay, then.
Unknown command.
An ice beast comes into view.
You hit the ice beast but do no damage. You barely miss the ice beast.
The ice beast hits you. The ice beast freezes you!
You feel a terrible chill!
You hit the ice beast.
The ice beast is lightly wounded.
You hit the ice beast.
The ice beast is lightly wounded.
The ice beast hits you. The ice beast freezes you!!
You feel a terrible chill!
* * * LOW HITPOINT WARNING * * *
You hit the ice beast.
The ice beast is lightly wounded.
You hit the ice beast but do no damage.
The ice beast is lightly wounded.
The ice beast hits you.
* * * LOW HITPOINT WARNING * * *
The ice beast freezes you!!
You feel a terrible chill!
You die...

#.##..###
###..### .
#....# ...
#...#.#
#..##.###.#
#.... #..#
.###..###..#
.)......#..##
###.@..#
#.....Y...#
#............
#.............#
#......##...#.#
....## ##....
#.. #.. #. #


You could see an ice beast.

Vanquished Creatures
  An ogre (D:5)
  A big kobold (D:5)
  A giant frog (D:5)
  A scorpion (D:4)
  2 crimson imps (D:5)
  A hound (D:3)
  A giant frog skeleton (D:5)
  4 orc wizards
  A gnoll shaman (D:5)
  2 orc priests
  8 gnolls
  A shadow imp (D:5)
  7 adders
  A worm (D:4)
  An ooze (D:4)
  2 giant geckos
  8 orcs
  11 bats
  5 giant cockroaches
  2 gnoll zombies (D:5)
  18 goblins
  9 hobgoblins
  10 jackals
  16 kobolds
  3 quokkas
  A ball python (D:3)
  A giant gecko skeleton (D:5)
  2 giant newts (D:2)
  10 rats
131 creatures vanquished.

Vanquished Creatures (collateral kills)
  A phantom (D:4)
  4 ogres
  3 adders (D:2)
  5 gnolls
  2 oozes (D:3)
  3 orcs (D:3)
  A ball python (D:3)
  A bat skeleton (D:5)
  2 goblins
  3 hobgoblins
  4 kobolds
  3 bats
  2 giant geckos
  2 rats
36 creatures vanquished.

Vanquished Creatures (others)
  A crimson imp (D:2)
  A hound (D:4)
  A shadow imp (D:3)
  A white imp (D:3)
  4 quokkas
  A rat (D:2)
9 creatures vanquished.

Grand Total: 176 creatures vanquished

Notes
Turn   | Place    | Note
--------------------------------------------------------------
     0 | D:1      | PolkaDot, the Vampire Summoner, began the quest for the Orb.
     0 | D:1      | Reached XP level 1. HP: 13/13 MP: 3/3
   649 | D:1      | Reached XP level 2. HP: 14/20 MP: 0/4
  1323 | D:1      | Learned a level 2 spell: Call Imp
  1376 | D:2      | Reached skill level 1 in Short Blades
  1458 | D:2      | Reached XP level 3. HP: 23/25 MP: 6/6
  1470 | D:2      | Found a snail-covered altar of Cheibriados.
  1686 | D:2      | Reached XP level 4. HP: 26/31 MP: 1/7
  2098 | D:2      | Found a shattered altar of Ashenzari.
  2114 | D:2      | Reached skill level 5 in Summonings
  2120 | D:2      | Learned a level 3 spell: Call Canine Familiar
  2726 | D:3      | Reached XP level 5. HP: 33/36 MP: 9/9
  2772 | D:3      | Reached skill level 5 in Stealth
  2845 | D:3      | Noticed an ogre
  2889 | D:3      | Killed an ogre
  2986 | D:3      | Reached XP level 6. HP: 14/42 MP: 1/10
  3503 | D:3      | Gained mutation: You have sharp fingernails. [potion of beneficial mutation]
  3533 | D:4      | Reached skill level 6 in Summonings
  3704 | D:4      | Found a staircase to the Ecumenical Temple.
  3713 | Temple   | Entered the Ecumenical Temple
  3793 | Temple   | Became a worshipper of Sif Muna the Loreminder
  3838 | D:4      | Found a shadowy altar of Dithmenos.
  4389 | D:4      | Reached XP level 7. HP: 10/47 MP: 12/12
  4808 | D:4      | Learned a level 4 spell: Summon Ice Beast
  4894 | D:5      | Entered Level 5 of the Dungeon
  5171 | D:5      | Reached skill level 7 in Stealth
  5270 | D:5      | Reached skill level 1 in Ice Magic
  5525 | D:5      | Acquired Sif Muna's first power
  5655 | D:5      | Reached XP level 8. HP: 34/53 MP: 13/13
  5748 | D:5      | Reached skill level 5 in Short Blades
  5748 | D:5      | Reached skill level 8 in Stealth
  5968 | D:5      | Found a basalt altar of Yredelemnul.
  6098 | D:6      | Slain by an ice beast

Action                   |  1- 3 |  4- 6 |  7- 9 || total
-------------------------+-------+-------+-------++-------
Melee: Dagger            |    28 |       |       ||    28
       Unarmed           |    13 |       |       ||    13
       Short sword       |    59 |   307 |   218 ||   584
 Cast: Summon Small Mamm |    14 |       |     3 ||    17
       Call Imp          |     5 |    13 |     6 ||    24
       Call Canine Famil |       |     7 |     3 ||    10
  Use: Potion            |     3 |    19 |    15 ||    37
       Scroll            |       |     9 |     4 ||    13
 Stab: Sleeping          |     6 |     8 |     4 ||    18
       Distracted        |     1 |     1 |     1 ||     3
  Eat: Corpse            |    10 |     6 |       ||    16
